 Dungeon Crawl Stone Soup version 0.31.0-12-g77e489cdc1 (webtiles) character file.

Game seed: 11447644812546753516

1912 WhirlyBird the Shooter (level 9, -6/59 (64) HPs)
             Began as an Octopode Monk on Feb 15, 2024.
             Was a Priest of Okawaru.
             Mangled by a wight
             ... wielding a +5 hand axe
              (16 damage)
             ... on level 7 of the Dungeon.
             The game lasted 00:12:03 (5788 turns).

WhirlyBird the Shooter (Octopode Monk)              Turns: 5788, Time: 00:12:04

HP:   -6/59 (64)    AC:  1    Str: 17    XL:     9   Next: 16%
MP:   13/13         EV: 14    Int: 22    God:    Okawaru [***...]
Gold: 402           SH:  0    Dex: 14    Spells: 10/10 levels left

rFire   . . .        g - +3 sling
rCold   + . .        (no shield)
rNeg    . . .        i - +0 hat
rPois   .            o - amulet of faith {!P}
rElec   .            C - ring of protection from cold
rCorr   .            Y - +4 ring of slaying
SInv    .            I - +6 ring of intelligence
Will    .....        S - +6 ring of strength
Stlth   ++++         (no ring)
HPRegen 0.29/turn    (no ring)
MPRegen 0.13/turn    (no ring)
                     (no ring)

%: faith
@: drained
A: almost no armour, amphibious, 8 rings, camouflage 1, gelatinous body 1,
(nimble swimmer 1), tentacles
a: Renounce Religion, Heroism


You were on level 7 of the Dungeon.
You worshipped Okawaru.
Okawaru was most pleased with you.
You visited 2 branches of the dungeon, and saw 8 of its levels.

You collected 402 gold pieces.


Innate Abilities, Weirdness & Mutations

You cannot wear most types of armour.
You are amphibious.
You can wear up to eight rings at the same time.
Your skin changes colour to match your surroundings (Stealth+).
Your rubbery body absorbs attacks. (AC +1, EV +1)
((You are camouflaged when in or above water. (Stealth+)))
You have tentacles for arms and can constrict up to eight enemies at once.


   Skills:
 - Level 7.0 Fighting
 - Level 7.0 Ranged Weapons
 - Level 3.0 Dodging
 - Level 5.0 Stealth
 - Level 3.0 Unarmed Combat
 - Level 1.0 Spellcasting
 + Level 5.8 Invocations


You had 10 spell levels left.
You didn't know any spells.
Your spell library contained the following spells:

 Spells                   Type           Power      Damage    Failure   Level
 Sandblast                Erth           2%         2d4       16%         1
 Passwall                 Erth           1%         N/A       41%         3
 Stone Arrow              Conj/Erth      2%         3d7       41%         3
 Brom's Barrelling Bould  Conj/Erth      1%         2d3       83%         4
 Passage of Golubria      Tloc           1%         N/A       83%         4
 Yara's Violent Unravell  Hex/Alch       0%         3d3       99%         5
 Chain Lightning          Conj/Air       0%         2d1       100%        9
 Fire Storm               Conj/Fire      0%         6d1       100%        9
 Shatter                  Erth           0%         3d5*      100%        9
 Tukima's Dance           Hex            Unusable   N/A       N/A         3

Inventory:

Hand Weapons
 g - a +3 sling (weapon)
 u - a +0 orcbow
Missiles
 c - 48 stones
 t - 2 throwing nets {=f}
Armour
 i - a +0 hat (worn)
Magical Staves
 r - a staff of fire {!a}
Jewellery
 o - an amulet of faith (around mantle) {!P}
 C - a ring of protection from cold (left tentacle)
 I - a +6 ring of intelligence (on tentacle)
 S - a +6 ring of strength (on tentacle)
 Y - a +4 ring of slaying (right tentacle)
Wands
 a - a wand of flame (25)
Scrolls
 b - a scroll of fear
 d - a scroll of vulnerability
 f - 2 scrolls of identify {@r1}
 h - 4 scrolls of teleportation {@r2}
 j - a scroll of noise
 k - 3 scrolls of blinking
 l - a scroll of immolation
 m - 4 scrolls of fog
 p - a scroll of butterflies
 q - a scroll of enchant weapon
 s - a scroll of revelation
Potions
 e - 3 potions of curing {@q1}
 n - a potion of enlightenment
 v - a potion of heal wounds {unknown}

Dungeon Overview and Level Annotations

Branches:
Dungeon (7/15)             Temple (1/1) D:4

Altars:
Ashenzari
Cheibriados
Dithmenos
Elyvilon
Fedhas
Gozag
Hepliaklqana
Kikubaaqudgha
Makhleb
Nemelex Xobeh
Okawaru
Ru
Sif Muna
Trog
Uskayaw
Vehumet
Wu Jian
Xom
Yredelemnul
Zin
The Shining One

Annotations:
Temple 2 transporters

####### ##
#.....###...#
#...........# .#
#z# ...#
....###@## ...#
.........##...#
###.###...#...#
## #.#<....# ..
#.......# ..
###.....# ..
.######..#######
..
........†.......
..
.#######.######
..


You could see a wight.


Message History

The wight is severely damaged.
The wight hits you with a +5 hand axe!
* * * LOW HITPOINT WARNING * * *
You feel drained.
* * * LOW HITPOINT WARNING * * *
Fire: g) +3 sling
Press: ? - help, Q - select action, (/) - cycle Shift-Dir - straight line, f/p - wight
Aim: a wight, wielding a +5 hand axe and wearing a +0 robe (severely damaged, 70% to hit)
You shoot a sling bullet. The sling bullet hits the wight.
The wight is almost destroyed.
The wight hits you with a +5 hand axe.
* * * LOW HITPOINT WARNING * * *
You feel drained.
* * * LOW HITPOINT WARNING * * *
Fire: g) +3 sling
Press: ? - help, Q - select action, (/) - cycle Shift-Dir - straight line, f/p - wight
Aim: a wight, wielding a +5 hand axe and wearing a +0 robe (almost destroyed, 70% to hit)
You shoot a sling bullet.
The sling bullet closely misses the wight.
The wight hits you with a +5 hand axe!
* * * LOW HITPOINT WARNING * * *
Unknown command.
Fire: g) +3 sling
Press: ? - help, Q - select action, (/) - cycle Shift-Dir - straight line, f/p - wight
Aim: a wight, wielding a +5 hand axe and wearing a +0 robe (almost destroyed, 70% to hit)
You shoot a sling bullet.
The sling bullet hits the wight but does no damage.
The wight is almost destroyed.
The wight hits you with a +5 hand axe!
You die...

Skill      XL: |  1  2  3  4  5  6  7  8  9 |
---------------+----------------------------+-----
Fighting       | 4 5 6 7 |  7.0
Spellcasting   | 1 |  1.0
Ranged Weapons | 1 2 4 5 6 7 |  7.0
Invocations    | 1 4 5 |  5.8
Stealth        | 4 5 |  5.0
Dodging        | |  3.0
Unarmed Combat | |  3.0

Action                     |  1- 3 |  4- 6 |  7- 9 || total
---------------------------+-------+-------+-------++-------
  Melee: Unarmed           |    35 |       |     8 ||    43
         Constrict         |    10 |       |       ||    10
         Tentacles         |     6 |       |     1 ||     7
         Punch             |     2 |       |       ||     2
   Fire: Sling             |    53 |    73 |   230 ||   356
 Invoke: Heroism           |       |       |     2 ||     2
    Use: Potion            |       |       |     1 ||     1
         Scroll            |       |       |    12 ||    12
 Armour: Skin              |    24 |     6 |    52 ||    82
  Dodge: Dodged            |    28 |    19 |    39 ||    86

Levels and vault maps discovered:
D:1:      scummos_arrival_checkerplants, layout_basic
D:2:      layout_loops_ring, dreamdust_ecumenical_altar_statues,
          kennysheep_nondescript, minmay_tromino_v4_a
D:3:      layout_loops_cross, makhleb_altar_promises_db, amcnicky_altar_gilded,
          minmay_crystal_water
D:4:      layout_rooms, nicolae_overflow_hidden_temple, temple_hall_moat,
          minivault_23
D:5:      layout_cave_pods
D:6:      layout_basic, mainiacjoe_overflow_boulevard,
          mainiacjoe_overflow_alcove_1, marbit_many_paths, kennysheep_mini
D:7:      layout_basic, mainiacjoe_overflow_24_doors
Temple:   hellmonk_temple_divided_pantheon

Notes
Turn   | Place    | Note
-------+----------+-------------------------------------------
     0 | D:1      | WhirlyBird the Octopode Monk began the quest for the Orb.
     0 | D:1      | Reached XP level 1. HP: 16/16 MP: 1/1
    84 | D:1      | Reached XP level 2. HP: 21/21 MP: 2/2
   248 | D:1      | Reached skill level 4 in Fighting
   435 | D:1      | Reached XP level 3. HP: 27/27 MP: 3/3
   973 | D:2      | Reached skill level 1 in Spellcasting
  1019 | D:2      | Found a faded altar of an unknown god.
  1140 | D:2      | Reached skill level 1 in Ranged Weapons
  1430 | D:2      | Reached XP level 4. HP: 33/33 MP: 5/5
  1598 | D:3      | Reached skill level 2 in Ranged Weapons
  1640 | D:3      | Reached XP level 5. HP: 31/37 MP: 6/6
  1642 | D:3      | Reached skill level 3 in Ranged Weapons
  1803 | D:3      | Found a basalt altar of Yredelemnul.
  1824 | D:3      | Noticed a phantom
  1833 | D:3      | Killed a phantom
  1834 | D:3      | Reached skill level 4 in Ranged Weapons
  1834 | D:3      | Reached XP level 6. HP: 34/43 MP: 7/7
  1903 | D:3      | Reached skill level 5 in Ranged Weapons
  1911 | D:3      | Found a burning altar of Makhleb.
  1913 | D:3      | Noticed a green death
  2273 | D:4      | Noticed a black bear
  2279 | D:4      | Killed a black bear
  2280 | D:4      | Reached skill level 5 in Fighting
  2280 | D:4      | Reached XP level 7. HP: 50/50 MP: 8/8
  2556 | D:4      | Reached skill level 6 in Ranged Weapons
  2752 | D:4      | Found a staircase to the Ecumenical Temple.
  2756 | Temple   | Found a transporter.
  2756 | Temple   | Found a transporter.
  2756 | Temple   | Found a transporter.
  2756 | Temple   | Found a transporter.
  2756 | Temple   | Entered the Ecumenical Temple
  2769 | Temple   | Became a worshipper of Warmaster Okawaru
  2769 | Temple   | Reached * piety under Okawaru
  2769 | Temple   | Reached ** piety under Okawaru
  2807 | D:4      | Reached skill level 6 in Fighting
  2936 | D:4      | Found a shimmering blue altar of Sif Muna.
  3007 | D:5      | Entered Level 5 of the Dungeon
  3044 | D:5      | Reached skill level 1 in Invocations
  3130 | D:5      | Reached XP level 8. HP: 57/57 MP: 9/9
  3179 | D:5      | Reached skill level 2 in Invocations
  3342 | D:4      | Found a shimmering altar of Xom.
  3342 | D:4      | Found a shadowy altar of Dithmenos.
  3700 | D:5      | Reached skill level 3 in Invocations
  3984 | D:6      | Found an opulent altar of Gozag.
  4071 | D:6      | Found a sacrificial altar of Ru.
  4170 | D:6      | Identified the +1 quarterstaff of the Yoke {heavy, rPois
                  | rF+ rN+ Int+3}
  4420 | D:6      | Reached skill level 7 in Fighting
  4420 | D:6      | Reached skill level 7 in Ranged Weapons
  4420 | D:6      | Reached skill level 2 in Stealth
  4717 | D:6      | Found a bloodstained altar of Trog.
  4814 | D:6      | Reached skill level 3 in Stealth
  4814 | D:6      | Reached skill level 4 in Invocations
  4828 | D:6      | Reached *** piety under Okawaru
  4935 | D:6      | Found a hide-covered altar of Uskayaw.
  5256 | D:7      | Reached skill level 4 in Stealth
  5256 | D:7      | Reached XP level 9. HP: 33/64 MP: 12/12
  5456 | D:7      | Reached skill level 5 in Stealth
  5456 | D:7      | Reached skill level 5 in Invocations
  5684 | D:7      | Found a glowing silver altar of Zin.
  5788 | D:7      | Mangled by a wight

Vanquished Creatures
  A water moccasin (D:5)
  A sky beast (D:6)
  2 ogres
  2 black bears
  A centaur (D:7)
  2 phantoms
  A bullfrog (D:3)
  3 scorpions
  A gnoll sergeant (D:7)
  A wight (D:7)
  A howler monkey (D:4)
  A bombardier beetle (D:4)
  A hound (D:5)
  A jelly (D:5)
  5 orc priests
  4 iguanas
  5 orc wizards
  5 adders
  13 gnolls
  2 dart slugs
  24 orcs
  9 ball pythons
  3 bats
  9 endoplasms
  2 giant cockroaches
  3 goblins
  6 hobgoblins
  4 jackals (D:2)
  11 kobolds
  2 quokkas
  A frilled lizard (D:3)
  7 rats
134 creatures vanquished.

Table legend: (Time is in decaauts)
 A = Elapsed time spent in this place.
 B = Non-inter-level travel time spent in this place.
 C = Inter-level travel time spent in this place.
 D = Time resting spent in this place.
 E = Time spent auto-exploring this place.
 F = Levels seen in this place.
 G = Mean time per level.
                   A        B        C        D        E       F      G
               +--------+--------+--------+--------+--------+-----+--------+
         Total |   5834 |   5640 |    194 |    605 |   4126 |   8 |  729.2 |
       Dungeon |   5805 |   5620 |    185 |    605 |   4126 |   7 |  829.3 |
        Temple |     28 |     19 |      9 |      0 |      0 |   1 |   28.0 |
               +--------+--------+--------+--------+--------+-----+--------+

Top non-repeatable levels by time:
     D:6: 1288 daAuts
     D:5: 931 daAuts
     D:1: 891 daAuts
     D:4: 750 daAuts
     D:3: 715 daAuts
     D:2: 666 daAuts
     D:7: 562 daAuts
  Temple: 28 daAuts

Table legend:
 A = Non-vault XP
 B = Vault XP
 C = Vault XP percentage of total XP
 D = Non-vault monster count
 E = Vault monster count
 F = Vault count percentage of total count
                 A         B        C        D         E       F
            +---------+---------+-------+---------+---------+-------
      Total |    2686 |      46 |   1.7 |     129 |       5 |   3.7
            +---------+---------+-------+---------+---------+-------
        D:1 |      46 |       0 |   0.0 |      26 |       0 |   0.0
        D:2 |      27 |       9 |  25.0 |      17 |       4 |  19.0
        D:3 |     433 |       0 |   0.0 |      25 |       0 |   0.0
        D:4 |     531 |       0 |   0.0 |      27 |       0 |   0.0
        D:5 |     745 |       0 |   0.0 |      16 |       0 |   0.0
        D:6 |     415 |      37 |   8.2 |       5 |       1 |  16.7
        D:7 |     489 |       0 |   0.0 |      13 |       0 |   0.0
            +---------+---------+-------+---------+---------+-------
